 Dungeon Crawl Stone Soup version 0.20-a0-924-gfa95efa (webtiles) character file.

129 theRoog the Chopper (level 4, -4/41 HPs)
             Began as a Minotaur Berserker on Mar 27, 2017.
             Was a Believer of Trog.
             Slain by Sigmund
             ... wielding a cursed -3 scythe
              (8 damage)
             ... on level 2 of the Dungeon.
             The game lasted 00:03:18 (2121 turns).

theRoog the Chopper (Minotaur Berserker)            Turns: 2121, Time: 00:03:19

Health: -4/41      AC:  3    Str: 22    XL:     4   Next: 88%
Magic:  3/3        EV: 12    Int:  4    God:    Trog [**....]
Gold:   92         SH:  0    Dex: 10    Spells: 3/3 levels left

rFire    . . .     SeeInvis .   a - +0 hand axe
rCold    . . .     Gourm    .   (no shield)
rNeg     . . .     Faith    .   d - +0 leather armour
rPois    .         Spirit   .   (helmet restricted)
rElec    .         Reflect  .   (no cloak)
rCorr    .         Harm     .   (no gloves)
MR       .....                  (no boots)
Stlth    +.........             (no amulet)
Regen    0.2/turn               (no ring)
MPRegen  0.1/turn               (no ring)

@: no status effects
A: retaliatory headbutt, horns 2
a: Berserk, Trog's Hand, Burn Spellbooks, Renounce Religion


You were on level 2 of the Dungeon.
You worshipped Trog.
Trog was pleased with you.
You were hungry.

You visited 1 branch of the dungeon, and saw 2 of its levels.

You collected 92 gold pieces.

Inventory:

Hand Weapons
 a - a +0 hand axe (weapon)
Armour
 b - a +0 animal skin
 d - a +0 leather armour (worn)
Jewellery
 k - a cursed amulet of inaccuracy {unknown}
Scrolls
 e - 2 scrolls of magic mapping {unknown}
 f - 2 scrolls of identify
 h - 2 scrolls of teleportation
 j - a scroll of enchant weapon {unknown}
 m - 2 scrolls of blinking {unknown}
Potions
 g - a potion of experience {unknown}
 l - a potion of cancellation {unknown}
 n - 2 potions of brilliance {unknown}
Comestibles
 c - a bread ration
 i - 2 royal jellies


   Skills:
 + Level 4.7 Fighting
 + Level 5.3 Axes
 + Level 2.8 Armour
 + Level 2.9 Dodging
 + Level 0.3 Stealth


You had 3 spell levels left.
You didn't know any spells.

Dungeon Overview and Level Annotations

Branches:
Dungeon (2/15)

Altars:
Nemelex Xobeh

Annotations:
D:2 Sigmund


Innate Abilities, Weirdness & Mutations

You reflexively headbutt those who attack you in melee.
You have a pair of horns on your head.


Message History

You closely miss something. Your headbutt misses something. Something hits you.
You hit something. You headbutt something. You closely miss something.
You hear some strange, mumbled words.
A puff of flame appears from out of thin air!
The puff of flame hits you!
You miss something. Your headbutt misses something.
You hear some strange, mumbled words.
Something tries to affect you, but you resist.
You closely miss something.
You hear some strange, mumbled words.
A puff of flame appears from out of thin air!
The puff of flame hits you!
* * * LOW HITPOINT WARNING * * *
You barely miss something. You headbutt something.
Something hits you but does no damage.
You closely miss something. Something hits you!
* * * LOW HITPOINT WARNING * * *
You hit something. Something hits you!
You die...

#.##.##...#.### #.# #
#.##.###.##...# #.# #
#.##.# #.##.#.###.###
#.##.###.............
#....(....##.#######.
####.#######.# #. #.#
#.# #. #.# #.# #. #@#
#.# #. #{# #.# #. #.#
#.# #. #.# #.# ## #.#
#.# # #?# #.# #.#
##.########
#.######..........
.........########


There were no monsters in sight!

Vanquished Creatures
  Natasha (twice) (D:2)
  An adder (D:2)
  A worm (D:2)
  4 dart slugs
  3 leopard geckos
  2 bats (D:1)
  3 giant cockroaches
  10 goblins
  6 hobgoblins
  6 jackals (D:1)
  7 kobolds
  2 quokkas (D:2)
  3 frilled lizards
  5 rats
55 creatures vanquished.

Notes
Turn   | Place    | Note
-------+----------+-------------------------------------------
     0 | D:1      | theRoog the Minotaur Berserker began the quest for the Orb.
     0 | D:1      | Reached XP level 1. HP: 19/19 MP: 0/0
   222 | D:1      | Reached XP level 2. HP: 12/27 MP: 1/1
   271 | D:1      | Reached skill level 4 in Axes
   909 | D:1      | Reached XP level 3. HP: 32/33 MP: 2/2
   921 | D:1      | Reached ** piety under Trog
  1472 | D:2      | Noticed Natasha
  1478 | D:2      | Killed Natasha
  1478 | D:2      | Reached XP level 4. HP: 41/41 MP: 3/3
  1617 | D:2      | Reached skill level 5 in Axes
  1666 | D:2      | Found a sparkling altar of Nemelex Xobeh.
  1808 | D:2      | Noticed Natasha
  1815 | D:2      | Killed Natasha
  2106 | D:2      | Noticed Sigmund
  2121 | D:2      | Slain by Sigmund

Vault maps used:
D:1:      dpeg_cavernosity
D:2:      nemelex_diamond_rough_becter, uniq_sigmund, uniq_natasha

Skill      XL: |  1  2  3  4 |
---------------+-------------+-----
Fighting       | 4 |  4.7
Axes           | 4 5 |  5.3
Armour         | |  2.8
Dodging        | |  2.9
Stealth        | |  0.3

Action                   |  1- 3 |  4- 6 || total
-------------------------+-------+-------++-------
Melee: Hand axe          |    69 |    69 ||   138
       Headbutt          |     9 |     9 ||    18
Invok: Berserk           |     1 |       ||     1
  Use: Scroll            |     3 |       ||     3
  Eat: Chunk             |     1 |     3 ||     4
Armor: Animal skin       |     7 |       ||     7
       Leather armour    |     7 |    12 ||    19
Dodge: Dodged            |    45 |    24 ||    69
